 Dungeon Crawl Stone Soup version 0.24-a0-516-g9de272bb65 (webtiles) character file.

Game seed: 3152325159209887641

6267 Azzok the Thaumaturge (level 10, -12/56 HPs)
             Began as a Deep Elf Earth Elementalist on July 21, 2019.
             Was a Believer of Vehumet.
             Mangled by Harold
             ... wielding a +0 long sword
              (20 damage)
             ... on level 9 of the Dungeon.
             The game lasted 00:16:22 (11021 turns).

Azzok the Thaumaturge (DEEE)                       Turns: 11021, Time: 00:16:22

Health: -12/56     AC:  5    Str:  5    XL:     10   Next: 62%
Magic:  25/27      EV: 13    Int: 27    God:    Vehumet [**....]
Gold:   448        SH:  0    Dex: 15    Spells: 23/32 levels left

rFire    . . .     SeeInvis .   (no weapon)
rCold    + . .     Gourm    .   (no shield)
rNeg     . . .     Faith    +   A - +2 robe {rC+}
rPois    +         Spirit   .   z - +0 hat {Int+3}
rElec    .         Reflect  .   (no cloak)
rCorr    .         Harm     .   (no gloves)
MR       +....                  u - +0 pair of boots
Stlth    ++........             s - amulet of faith
HPRegen  0.18/turn              x - ring of poison resistance
MPRegen  0.20/turn              (no ring)

@: no status effects
A: no striking features
a: Renounce Religion


You were on level 9 of the Dungeon.
You worshipped Vehumet.
Vehumet was pleased with you.
You were not hungry.

You visited 1 branch of the dungeon, and saw 9 of its levels.

You collected 448 gold pieces.

Inventory:

Missiles
 b - 128 stones (quivered)
Armour
 u - a +0 pair of boots (worn)
 z - a +0 hat of intelligence (worn)
 A - a +2 robe of cold resistance (worn)
Jewellery
 s - an amulet of faith (around neck)
 x - a ring of poison resistance (left hand)
Wands
 g - a wand of acid (10)
 m - a wand of iceblast (19)
 y - a wand of polymorph (3)
Scrolls
 h - a scroll of immolation {unknown}
 k - 2 scrolls of magic mapping {unknown}
 l - 2 scrolls of blinking {unknown}
 n - 4 scrolls of remove curse {unknown}
 o - 3 scrolls of noise {unknown}
 p - 3 scrolls of teleportation {unknown}
 q - 2 scrolls of amnesia {unknown}
 t - a scroll of fear {unknown}
 v - a scroll of identify
 w - a scroll of summoning {unknown}
Potions
 a - 2 potions of agility
 c - a potion of degeneration {unknown}
 e - 4 potions of curing
 f - a potion of haste
 i - a potion of invisibility
 j - 2 potions of lignification
 r - 3 potions of magic
Comestibles
 d - 7 rations


   Skills:
 + Level 3.8 Fighting
 - Level 2.4 Dodging
 - Level 2.4 Stealth
 + Level 11.8 Spellcasting
 - Level 8.0 Conjurations
   Level 1.1 Transmutations
 + Level 10.3 Earth Magic
 + Level 5.1 Evocations


You had 23 spell levels left.
You knew the following spells:

 Your Spells              Type           Power        Failure   Level  Hunger
a - Sandblast             Erth           ######       1%          1    None
b - Stone Arrow           Conj/Erth      ######       1%          3    None
d - Lee's Rapid Deconstr  Erth           ######....   1%          5    ###....

Your spell library contained the following spells:

 Spells                   Type           Power        Failure   Level  Hunger
 Shock                    Conj/Air       ####         1%          1    None
 Passwall                 Tmut/Erth      #####...     1%          2    None
 Conjure Flame            Conj/Fire      #####...     1%          3    None
 Mephitic Cloud           Conj/Pois/Air  ####....     3%          3    None
 Petrify                  Tmut/Erth      #####...     3%          4    None
 Poisonous Vapours        Pois/Air       ###...       5%          2    None
 Freezing Cloud           Conj/Ice/Air   ####......   88%         6    #####..
 Ring of Flames           Chrm/Fire      ###.......   100%        7    ######.


Dungeon Overview and Level Annotations

Branches:
Dungeon (9/15)             Temple (0/1) D:6            Lair (0/6) D:8
    Orc: D:9-12

Altars:
Cheibriados
Fedhas
Hepliaklqana
Kikubaaqudgha
Qazlal
Uskayaw
Vehumet
Zin
The Shining One

Shops:
D:4 %[   D:9 [

Portals:
Bailey: D:9

Annotations:
D:5 3 runed translucent doors, mhoghedin's ghost, amateur TrCK
D:6 2 transporters
D:9 Harold; Pikel


Message History

You are yanked forward by the harpoon shot.
A slave comes into view. x2
The slave hits you.
Pikel the Slaver comes into view.
He is wielding a +2 whip of flaming.
The slave shouts!
Found a club.
Harold throws a throwing net.
The throwing net hits you.
You become entangled in the net!
The slave barely misses you.
You see here a throwing net.
You struggle against the net.
Harold hits you with a +0 long sword. The slave hits you.
You struggle against the net.
Harold hits you with a +0 long sword! The slave hits you but does no damage.
Harold hits you with a +0 long sword!
* * * LOW HITPOINT WARNING * * *
You struggle against the net.
Harold hits you but does no damage. The slave hits you.
* * * LOW HITPOINT WARNING * * *
You rip the net and break free!
The slave hits you but does no damage. Harold hits you with a +0 long sword!!
You die...

▒· ▒▒▒▒▒▒▒ ▒ ▒· ▒·▒
▒······ ▒· ·) ▒·▒
▒·▒▒▒▒▒ ▒·· ▒· ▒·▒ ▒·▒
▒··▒▒·▒▒▒▒·▒▒▒·▒▒▒·▒▒▒
▒····················▒
▒···)pp▒▒▒†▒▒▒▒▒▒▒▒▒·▒
▒··)∩Kp▒▒···▒▒▒▒▒▒▒▒·▒
▒···)·@@···(·········▒
▒·····p▒▒···▒▒▒▒▒▒▒▒▒▒
▒··▒▒··▒▒▒·▒▒ ▒· ▒·▒▒
▒/▒ ·· ··▒ ▒▒· ▒▒▒▒ ▒·
▒·


You could see Harold, Pikel and 4 slaves.

Vanquished Creatures
  Gastronok (D:8)
  A two-headed ogre (D:5)
  A hippogriff (D:8)
  Grinder (D:6)
  Sigmund (D:6)
  Eustachio (D:6)
  2 steam dragons (D:8)
  A porcupine (D:8)
  4 orc warriors
  2 ice beasts (D:7)
  A black bear (D:6)
  A phantom (D:4)
  A crocodile (D:8)
  3 centaurs
  A big kobold (D:8)
  Blork the orc (D:4)
  3 bullfrogs
  3 scorpions
  5 killer bees (D:7)
  A crimson imp (D:5)
  2 bullfrog skeletons
  A quasit (D:9)
  A bullfrog zombie (D:5)
  11 orc wizards
  5 orc priests
  5 hounds
  A jelly (D:6)
  2 centaur skeletons
  Natasha (thrice) (D:2)
  6 worker ants
  2 iguanas
  A killer bee zombie (D:7)
  A hound zombie (D:9)
  A worker ant zombie (D:5)
  4 gnolls (D:3)
  6 adders
  A worm (D:3)
  3 dart slugs (D:1)
  8 leopard geckos
  29 orcs
  9 giant cockroaches
  8 goblins
  5 hobgoblins
  11 jackals
  3 quokkas
  8 bats
  A frilled lizard (D:3)
  10 kobolds
  10 rats
193 creatures vanquished.

Vanquished Creatures (others)
  4 fungi
  9 plants
13 creatures vanquished.

Grand Total: 206 creatures vanquished

Notes
Turn   | Place    | Note
-------+----------+-------------------------------------------
     0 | D:1      | Azzok the Deep Elf Earth Elementalist began the quest for
                  | the Orb.
     0 | D:1      | Reached XP level 1. HP: 10/10 MP: 6/6
   291 | D:1      | Reached XP level 2. HP: 15/15 MP: 3/8
   824 | D:2      | Reached skill level 4 in Spellcasting
   824 | D:2      | Reached XP level 3. HP: 19/19 MP: 5/10
   848 | D:2      | Learned a level 3 spell: Stone Arrow
   901 | D:2      | Found a stormy altar of Qazlal.
  1589 | D:2      | Reached skill level 1 in Conjurations
  1734 | D:2      | Noticed Natasha
  1744 | D:2      | Reached XP level 4. HP: 24/24 MP: 1/12
  1833 | D:2      | HP: 1/24 [Natasha/magic dart (6)]
  1834 | D:2      | Killed Natasha
  2267 | D:2      | Noticed Natasha
  2278 | D:2      | Killed Natasha
  2344 | D:2      | Noticed Natasha
  2347 | D:2      | Killed Natasha
  2347 | D:2      | Reached skill level 5 in Spellcasting
  2347 | D:2      | Reached XP level 5. HP: 28/28 MP: 6/14
  3422 | D:3      | Reached skill level 5 in Earth Magic
  3871 | D:3      | Reached XP level 6. HP: 32/32 MP: 6/16
  4563 | D:4      | Noticed Blork the orc
  4575 | D:4      | Killed Blork the orc
  4575 | D:4      | Reached skill level 6 in Spellcasting
  5023 | D:4      | Reached XP level 7. HP: 36/36 MP: 5/18
  5318 | D:4      | Reached skill level 7 in Spellcasting
  5677 | D:4      | Found Zempul's Antique Armour Shoppe.
  5834 | D:4      | Found Cemeuzol's Food Shop.
  6024 | D:5      | Entered Level 5 of the Dungeon
  6106 | D:5      | Reached skill level 5 in Conjurations
  6284 | D:5      | Learned a level 5 spell: Lee's Rapid Deconstruction
  6286 | D:5      | Reached XP level 8. HP: 41/41 MP: 14/21
  6349 | D:5      | Noticed a two-headed ogre
  6355 | D:5      | Killed a two-headed ogre
  6355 | D:5      | Reached skill level 9 in Spellcasting
  6573 | D:5      | Found a hazy altar of Hepliaklqana.
  6957 | D:5      | Found a runed translucent gate.
  6958 | D:5      | Found a runed translucent gate.
  6959 | D:5      | Found a runed translucent gate.
  6961 | D:5      | Noticed mhoghedin's ghost (amateur TrCK)
  7197 | D:6      | Found a radiant altar of Vehumet.
  7198 | D:6      | Found a snail-covered altar of Cheibriados.
  7199 | D:6      | Found a glowing silver altar of Zin.
  7199 | D:6      | Found a glowing golden altar of the Shining One.
  7200 | D:6      | Found a blossoming altar of Fedhas.
  7200 | D:6      | Found a hide-covered altar of Uskayaw.
  7201 | D:6      | Found an ancient bone altar of Kikubaaqudgha.
  7204 | D:6      | Became a worshipper of Vehumet
  7224 | D:6      | Identified the +8 trident "Time Japt" {vamp, Dex+2}
  7224 | D:6      | Identified the +1 buckler of Duck's Teeth {+Blink MR- Str-3
                  | Dex+8}
  7285 | D:6      | Found a transporter.
  7288 | D:6      | Found a transporter.
  7320 | D:6      | Reached XP level 9. HP: 45/45 MP: 7/24
  7522 | D:6      | Noticed Sigmund
  7523 | D:6      | Killed Sigmund
  7693 | D:6      | Found a staircase to the Ecumenical Temple.
  7732 | D:6      | Noticed Grinder
  7734 | D:6      | Killed Grinder
  7734 | D:6      | Reached skill level 10 in Spellcasting
  7846 | D:6      | Noticed Eustachio
  7850 | D:6      | Killed Eustachio
  8258 | D:7      | Reached skill level 1 in Evocations
  8309 | D:7      | Reached skill level 1 in Fighting
  8399 | D:7      | Found a blossoming altar of Fedhas.
  8428 | D:7      | Reached * piety under Vehumet
  8428 | D:7      | Offered knowledge of Magic Dart by Vehumet.
  9525 | D:8      | Reached XP level 10. HP: 53/53 MP: 9/26
  9528 | D:8      | Reached skill level 11 in Spellcasting
  9657 | D:8      | Noticed Gastronok
  9814 | D:8      | Offered knowledge of Shock by Vehumet.
  9850 | D:8      | Reached ** piety under Vehumet
 10056 | D:8      | Found a staircase to the Lair.
 10566 | D:8      | Killed Gastronok
 10566 | D:8      | Reached skill level 10 in Earth Magic
 10566 | D:8      | Reached skill level 5 in Evocations
 10858 | D:9      | Found Seuttut's Armour Shoppe.
 11009 | D:9      | Noticed Harold
 11010 | D:9      | Found a flagged portal.
 11016 | D:9      | Noticed Pikel
 11021 | D:9      | Mangled by Harold

Levels and vault maps discovered:
D:1:      erik_arrival_triangle_medium, layout_basic,
          hangedman_abyss_or_decor_lesser_grid
D:2:      layout_basic, nicolae_qazlal_eye_of_the_storm, first_ration,
          uniq_natasha
D:3:      layout_loops_ring
D:4:      layout_loops_ring, serial_shops, shop, shop, minmay_crystal_room,
          uniq_blork_the_orc
D:5:      layout_cave_pools, lemuel_crystal_altar,
          gammafunk_ghost_nasty_kobolds, minmay_misc_feat_chi,
          kennysheep_small_square
D:6:      layout_loops_ring, grunt_temple_overflow_open,
          minmay_temple_entry_grid, gammafunk_ghost_gnarly_gnolls,
          uniq_eustachio, uniq_sigmund, uniq_grinder
D:7:      layout_basic, fedhas_altar_1, uniq_crazy_yiuf_cottage
D:8:      kennysheep_steamy, layout_cave_pools, grunt_lair_entry_orc_guard_hut,
          uniq_gastronok
D:9:      layout_loops_ring, enter_bailey_2, serial_shops, shop_fountains,
          uniq_harold, uniq_pikel

Skill      XL: |  1  2  3  4  5  6  7  8  9 10 |
---------------+-------------------------------+-----
Spellcasting   | 4 5 6 7 9 10 11 | 11.8
Earth Magic    | 4 5 6 8 9 10 | 10.3
Conjurations   | 1 2 3 5 7 8 |  8.0
Evocations     | 3 5 |  5.1
Fighting       | 2 3 |  3.8
Dodging        | |  2.4
Stealth        | |  2.4
Transmutations | |  1.1

Action                   |  1- 3 |  4- 6 |  7- 9 | 10-12 || total
-------------------------+-------+-------+-------+-------++-------
Melee: Unarmed           |       |     3 |       |       ||     3
 Cast: Sandblast         |    36 |    30 |    18 |    14 ||    98
       Stone Arrow       |    13 |    70 |    73 |    21 ||   177
       Lee's Rapid Decon |       |       |    25 |    18 ||    43
  Use: Scroll            |       |       |     6 |       ||     6
  Eat: Chunk             |     3 |     9 |    14 |     4 ||    30
       Ration            |       |     1 |     1 |     1 ||     3
Armor: Robe              |     2 |     1 |       |     4 ||     7
Dodge: Dodged            |    10 |    10 |    12 |    12 ||    44

Table legend:
 A = Non-vault XP
 B = Vault XP
 C = Vault XP percentage of total XP
 D = Non-vault monster count
 E = Vault monster count
 F = Vault count percentage of total count
                 A         B        C        D         E       F
            +---------+---------+-------+---------+---------+-------
      Total |    5091 |    3863 |  43.1 |     179 |      14 |   7.3
            +---------+---------+-------+---------+---------+-------
        D:1 |      33 |       0 |   0.0 |      15 |       0 |   0.0
        D:2 |     149 |      36 |  19.5 |      28 |       1 |   3.4
        D:3 |     206 |       0 |   0.0 |      35 |       0 |   0.0
        D:4 |     680 |      90 |  11.7 |      27 |       1 |   3.6
        D:5 |    1356 |       2 |   0.1 |      15 |       1 |   6.2
        D:6 |     581 |     679 |  53.9 |      10 |       3 |  23.1
        D:7 |     974 |       0 |   0.0 |      23 |       0 |   0.0
        D:8 |     903 |    3056 |  77.2 |      22 |       8 |  26.7
        D:9 |     209 |       0 |   0.0 |       4 |       0 |   0.0
            +---------+---------+-------+---------+---------+-------
